 Dungeon Crawl Stone Soup version 0.29.1-12-g30fa7ad0bf (webtiles) character file.

Game seed: 3874820580661371265

197238 Lutefisk the Blinker (level 17, -21/89 HPs)
             Began as a Spriggan Warper on Dec 21, 2022.
             Was the Champion of Fedhas.
             Killed from afar by a deep elf sorcerer (37 damage)
             ... with damnation
             ... on level 3 of the Elven Halls.
             The game lasted 04:44:43 (39094 turns).

Lutefisk the Blinker (Spriggan Warper)             Turns: 39094, Time: 04:44:43

Health: -21/89     AC:  5    Str:  7    XL:     17   Next: 35%
Magic:  0/30       EV: 29    Int: 16    God:    Fedhas [******]
Gold:   2385       SH: 10    Dex: 21    Spells: 6/32 levels left

rFire   + . .      SeeInvis +   e - +3 rapier "Xyxabbot" {distort, Will+ rCorr SInv}
rCold   + . .      Faith    .   N - +1 buckler {rC+}
rNeg    + . .      Spirit   +   J - +0 troll leather armour
rPois   +          Reflect  .   Z - +1 hat of the Turtledove {rN+}
rElec   .          Harm     .   i - scarf {+Inv}
rCorr   +          Rampage  .   (gloves unavailable)
Will    +++..                   (boots unavailable)
Stlth   +++++.....              v - amulet of guardian spirit
HPRegen 1.04/turn               O - ring of protection from fire
MPRegen 0.22/turn               b - ring of the Circus Animal {rPois rCorr Slay+3 Stlth-}

@: very quick
A: very small, no large weapons, unfitting armour, see invisible, speed 3
}: 2/15 runes: decaying, gossamer
a: Renounce Religion, Evoke Invisibility, Wall of Briars, Grow Ballistomycete,
Overgrow, Grow Oklob


You were on level 3 of the Elven Halls.
You worshipped Fedhas.
Fedhas was exalted by your worship.
You visited 7 branches of the dungeon, and saw 34 of its levels.
You also visited: Ice Cave and Volcano.

You collected 2930 gold pieces.
You spent 545 gold pieces at shops.

Inventory:

Hand Weapons
 e - the +3 rapier "Xyxabbot" (weapon) {distort, Will+ rCorr SInv}
   (You acquired it on level 1 of the Spider Nest)

   It warps and distorts space around it, and may blink, banish, or inflict
   extra damage upon those it strikes.
   Unwielding it can cause banishment or high damage.
   SInv:      It lets you see invisible.
   rCorr:     It protects you from acid and corrosion.
   Will:      It increases your willpower.
 h - a +6 quick blade of protection
 q - a +1 short sword of electrocution
 T - the +3 quarterstaff "Riaruis" {elec, rCorr Int+8}
   (You found it on level 14 of the Dungeon)

   It occasionally discharges a powerful burst of electricity upon striking a
   foe.
   Int:       It affects your intelligence (+8).
   rCorr:     It protects you from acid and corrosion.
Missiles
 k - 6 boomerangs of dispersal
 m - 32 poisoned darts (quivered)
 A - 2 boomerangs
 E - 2 curare-tipped darts
 H - 4 atropa-tipped darts
 P - a throwing net
Armour
 i - a scarf of invisibility (worn)
 y - a scarf of repulsion
 J - a +0 troll leather armour (worn)
 N - a +1 buckler of cold resistance (worn)
 Z - the +1 hat of the Turtledove (worn) {rN+}
   (You found it on level 2 of the Spider Nest)

   rN:        It protects you from negative energy.
Jewellery
 b - the ring of the Circus Animal (right hand) {rPois rCorr Slay+3 Stlth-}
   (You found it on level 10 of the Dungeon)

   [ring of resist corrosion]

   Slay:      It affects your accuracy & damage with ranged weapons and melee
   (+3).
   rPois:     It protects you from poison.
   rCorr:     It protects you from acid and corrosion.
   Stlth:     It makes you less stealthy.
 v - an amulet of guardian spirit (around neck)
 O - a ring of protection from fire (left hand)
 R - a ring of resist corrosion
 S - a ring of protection from fire
 U - a ring of flight
Wands
 w - a wand of charming (21)
 F - a wand of digging (10)
 I - a wand of light (9)
 Q - a wand of mindburst (5)
Scrolls
 d - 3 scrolls of magic mapping
 n - 7 scrolls of fog
 o - 3 scrolls of silence
 p - 11 scrolls of teleportation
 r - 2 scrolls of summoning
 u - 4 scrolls of amnesia
 x - 8 scrolls of poison
 C - 3 scrolls of enchant weapon
 G - 5 scrolls of identify
 L - a scroll of fear
 M - 5 scrolls of vulnerability
 W - 4 scrolls of enchant armour
Potions
 a - 2 potions of curing
 c - 3 potions of resistance
 f - 2 potions of invisibility
 g - 7 potions of attraction
 j - 3 potions of flight
 l - 8 potions of haste
 s - 5 potions of mutation
 t - 4 potions of ambrosia
 z - 3 potions of might
 B - 7 potions of lignification
 D - 3 potions of berserk rage
 K - 4 potions of brilliance
 V - 5 potions of cancellation
 X - 4 potions of magic
 Y - 2 potions of heal wounds


   Skills:
 - Level 10.0 Fighting
 - Level 14.0 Short Blades
 - Level 3.0 Throwing
 - Level 4.0 Armour
 * Level 16.2 Dodging
 - Level 15.0 Stealth
 - Level 8.0 Shields
 - Level 8.0 Spellcasting
 - Level 1.0 Conjurations
 - Level 4.0 Hexes
 - Level 2.0 Summonings
 * Level 18.7 Translocations
 - Level 10.0 Invocations
 - Level 10.0 Evocations


You had 6 spell levels left.
You knew the following spells:

 Your Spells              Type           Power      Damage    Failure   Level
a - Blink                 Tloc           100%       N/A       1%          2
b - Magic Dart            Conj           36%        1d4       19%         1
c - Teleport Other        Tloc           60%        N/A       1%          3
d - Lesser Beckoning      Tloc           60%        N/A       1%          3
e - Summon Guardian Gole  Hex/Summ       16%        N/A       24%         3
f - Dispersal             Tloc           30%        N/A       1%          6
g - Disjunction           Tloc           30%        N/A       65%         8

Your spell library contained the following spells:

 Spells                   Type           Power      Damage    Failure   Level
 Gell's Gravitas          Tloc           60%        N/A       1%          3
 Portal Projectile        Hex/Tloc       84%        N/A       1%          3
 Passage of Golubria      Tloc           60%        N/A       1%          4
 Manifold Assault         Tloc           60%        N/A       1%          5
 Summon Small Mammal      Summ           48%        N/A       12%         1
 Foxfire                  Conj/Fire      32%        2x1d5     22%         1
 Shock                    Conj/Air       32%        1d5       22%         1
 Freeze                   Ice            24%        1d5       28%         1
 Searing Ray              Conj           18%        2d5       28%         2
 Call Canine Familiar     Summ           12%        N/A       36%         3
 Inner Flame              Hex/Fire       12%        N/A       36%         3
 Cause Fear               Hex            9%         N/A       47%         4
 Conjure Flame            Conj/Fire      8%         6-21      56%         3
 Stone Arrow              Conj/Erth      16%        3d8       56%         3
 Frozen Ramparts          Ice            12%        1d2       63%         3
 Ozocubu's Armour         Ice            6%         N/A       63%         3
 Swiftness                Air            6%         N/A       63%         3
 Fulminant Prism          Conj/Hex       7%         3d7       69%         4
 Leda's Liquefaction      Hex/Erth       6%         N/A       77%         4
 Animate Armour           Summ/Erth      18%        N/A       88%         4
 Summon Ice Beast         Ice/Summ       9%         N/A       88%         4
 Summon Lightning Spire   Summ/Air       9%         N/A       88%         4
 Flame Wave               Conj/Fire      8%         2d5       92%         4
 Hailstorm                Conj/Ice       8%         3d4       92%         4
 Summon Mana Viper        Hex/Summ       16%        N/A       92%         5
 Airstrike                Air            3%         2d(1-17)  95%         4
 Animate Dead             Necr           6%         N/A       95%         4
 Metabolic Englaciation   Hex/Ice        6%         N/A       98%         5
 Silence                  Hex/Air        6%         N/A       98%         5
 Fireball                 Conj/Fire      4%         3d4       99%         5
 Blade Hands              Tmut           3%         N/A       100%        5
 Borgnjor's Vile Clutch   Necr/Erth      3%         N/A       100%        5
 Freezing Cloud           Conj/Ice/Air   3%         6-21      100%        5
 Death Channel            Necr           3%         N/A       100%        6
 Iron Shot                Conj/Erth      4%         9d2       100%        6
 Starburst                Conj/Fire      4%         6d3       100%        6
 Dragon Form              Tmut           3%         N/A       100%        7
 Monstrous Menagerie      Summ           6%         N/A       100%        7
 Ozocubu's Refrigeration  Ice            3%         4d8       100%        7
 Storm Form               Tmut/Air       3%         N/A       100%        7
 Discord                  Hex            9%         N/A       100%        8
 Ignition                 Fire           3%         3d4       100%        8
 Lehudib's Crystal Spear  Conj/Erth      4%         10d3      100%        8
 Maxwell's Capacitive Co  Air            3%         ∞         100%        8
 Dragon's Call            Summ           6%         N/A       100%        9


Dungeon Overview and Level Annotations

Branches:
Dungeon (15/15)            Temple (1/1) D:4            Lair (5/5) D:9
  Swamp (4/4) Lair:3       Spider (4/4) Lair:3        Slime (0/5) Lair:4
    Orc (2/2) D:10            Elf (3/3) Orc:2        Vaults (0/5) D:14
  IceCv (visited)         Volcano (visited)
 Depths: D:15

Altars:
Ashenzari
Cheibriados
Dithmenos
Elyvilon
Fedhas
Gozag
Hepliaklqana
Kikubaaqudgha
Makhleb
Nemelex Xobeh
Okawaru
Qazlal
Ru
Sif Muna
Trog
Uskayaw
Vehumet
Wu Jian
Xom
Yredelemnul
Zin
The Shining One

Shops:
D:2 ?   Orc:1 ?   Orc:2 [:[=   Elf:3 *

Annotations:
D:2 Jessica
D:3 Sigmund
D:8 3 runed translucent doors, SirLogeyBear's ghost, novice HOBe
D:14 Louise
Lair:1 3 runed translucent doors, Kitec's ghost, journeyman MiFi
Lair:5 1 runed translucent door
Spider:2 Arachne; Nikola
Elf:2 1 runed translucent door
Elf:3 Mara


Innate Abilities, Weirdness & Mutations

You are very small and have problems with some larger weapons.
You are too small for most types of armour.
You have supernaturally acute eyesight. (SInv)
You cover ground extremely quickly. (Speed+++)


Message History

Items here: )) [ †.
The deep elf zephyrmancer shouts!
The deep elf sorcerer shouts!
You hear a shout!
Casting: Lesser Beckoning (safe; 1% risk of failure)
Confirm with . or Enter, or press ? or * to list all spells.
A guardian golem appears, shielding your allies.
What are your orders? t - Shout!
Orders for allies: a - Attack new target. r - Retreat! s - Stop attacking. g - Guard the area. f - Follow me.
Anything else - Cancel.
Gang up on whom?
Press: ? - help, Dir - move target, f - deep elf sorcerer
Aim: a deep elf sorcerer, wielding a +0 short sword and wearing a +0 leather armour Attack!
The deep elf sorcerer hits your guardian golem with a +0 short sword.
The deep elf sorcerer casts a spell.
The deep elf sorcerer seems to speed up.
The deep elf sorcerer hits your guardian golem with a +0 short sword!
The deep elf demonologist mumbles some strange words.
The deep elf sorcerer points at you and mumbles some strange words.
The bolt of acid hits your guardian golem!!
The acid corrodes your guardian golem!
Your guardian golem is destroyed!
Your guardian golem disappears in a puff of smoke!
The bolt of acid misses you.
The deep elf zephyrmancer gestures wildly while chanting.
The deep elf zephyrmancer blinks!
The deep elf sorcerer points at you and mumbles some strange words.
The sphere of damnation explodes!
The damnation engulfs you!!!
You hear a shout!
The deep elf sorcerer casts a spell at you.
The sphere of damnation explodes!
The damnation engulfs you!!
* * * LOW HITPOINT WARNING * * *
You hear a shout!
The deep elf sorcerer gestures at you while chanting.
The sphere of damnation explodes!
The damnation engulfs you!!!
You die...
Fedhas appreciates your contribution to the ecosystem.

#..........##...R........##
###..####.e.'............+.
##.# ##.##......#....###
##'#####.# .... ##..## #
#.....##.# #'# ##'# #
#.....##.# #.# #.# #
#.....##.#####.#####.####
##....'...............)..
##...##@###.########.###
##..##.# #.# #.# # #+###.#
#.# #.# # #.# #.# #.# #
#.###.###.# ###.###
#.........######......
#.###.###..........### #.#
##.###.###.# # #.# #.# #.#
#.#


You could see a deep elf sorcerer (fast).

Vanquished Creatures
  the Lernaean hydra (Swamp:4)
  Jorgrun (Elf:2)
  An orc warlord (Orc:2)
  7 ghost moths
  A deep elf sorcerer (Elf:1)
  A broodmother (Spider:4)
  2 deep elf demonologists
  Azrael (D:15)
  2 entropy weavers
  6 bunyips
  2 deep elf annihilators
  Snorg (Orc:1)
  A deep elf death mage (Elf:3)
  A deep elf high priest (Elf:3)
  An ettin (Orc:2)
  3 vault guards (D:14)
  12 hydras
  4 boulder beetles
  A ghost crab (Swamp:4)
  Erica (Orc:1)
  A jorogumo (Spider:1)
  A radroach (Spider:1)
  A centaur warrior (D:13)
  4 alligators
  9 two-headed ogres
  3 dancing weapons
  A hell knight (Volcano)
  2 orc high priests (Orc:2)
  3 deep elf knights
  A sun moth (Spider:2)
  4 steelbarb worms
  7 pharaoh ants
  3 spriggan druids
  3 orb spiders
  9 swamp dragons
  8 deep elf archers
  Pikel (D:8)
  A bog body (Lair:3)
  6 deep elf pyromancers
  2 orc knights
  6 deep elf zephyrmancers
  4 will-o-the-wisps
  12 wolf spiders
  3 cyclopes
  A manticore (D:12)
  A moth of wrath (Spider:1)
  2 ugly things (D:15)
  An elephant (Lair:5)
  Joseph (Lair:1)
  5 black mambas
  A torpor snail (Lair:5)
  3 cane toads (Lair:1)
  A kobold demonologist (D:11)
  2 rime drakes
  8 komodo dragons
  An unseen horror (shapeshifter) (D:13)
  2 unseen horrors
  3 demonic crawlers
  An anaconda simulacrum (IceCv)
  4 trolls
  2 meliai (shapeshifter)
  7 tyrant leeches
  6 blink frogs
  2 tarantellas (shapeshifter)
  21 tarantellas
  10 hornets
  2 dream sheep (Lair:4)
  5 spriggans
  11 jumping spiders
  An air elemental (Elf:1)
  6 wyverns
  A wraith (D:12)
  17 culicivoras
  2 shadows (D:11)
  A vampire (D:14)
  3 basilisks
  7 fire elementals
  8 yaks
  A hog (shapeshifter) (Elf:1)
  5 vampire mosquitoes
  5 hogs (D:15)
  A steam dragon (D:10)
  40 redbacks
  A harpy simulacrum (D:15)
  2 minotaur simulacra (D:15)
  11 swamp worms
  11 water moccasins
  3 acid dragons
  2 hell hounds (D:15)
  11 nameless horrors
  2 ice beasts
  A floating eye (Lair:3)
  A meliai simulacrum (D:15)
  5 swamp drakes (Swamp:4)
  An ettin simulacrum (IceCv)
  21 orc warriors
  An ogre (shapeshifter) (D:15)
  7 ogres
  7 wolves
  14 centaurs
  A lemure (D:8)
  A phantom (D:6)
  5 kobold brigands
  7 bullfrogs
  A necrophage (D:7)
  A gnoll sergeant (D:9)
  3 deep troll simulacra (D:15)
  A scorpion (D:6)
  8 wights
  2 killer bees (D:9)
  3 howler monkeys
  2 jellies
  2 electric eels
  22 orc priests
  4 hounds
  3 iguanas
  19 orc wizards
  3 hell rats (Lair:4)
  15 gnolls
  3 adders
  An ufetubus (D:6)
  2 worms
  A dart slug (D:4)
  68 orcs
  5 endoplasms
  2 giant cockroaches
  7 goblins
  4 hobgoblins
  24 kobolds
  A quokka (D:5)
  10 ball pythons
  6 bats
  3 frilled lizards
  5 rats
  2 ballistomycete spores
694 creatures vanquished.

Vanquished Creatures (collateral kills)
  A radroach (Spider:1)
  A wolf spider (Spider:1)
  2 tarantellas (Spider:1)
  2 culicivoras (Spider:1)
  A redback (Spider:1)
  A warg (Orc:2)
  2 orc warriors
  An ogre (Orc:2)
  An orc wizard (Orc:2)
  5 orcs
  118 ballistomycete spores
135 creatures vanquished.

Vanquished Creatures (others)
  Kirke (D:15)
  A very ugly thing (IceCv)
  A broodmother (Spider:4)
  An entropy weaver (Spider:4)
  A shambling mangrove (Swamp:4)
  3 vault guards (D:14)
  A hydra (Lair:5)
  A catoblepas (Lair:5)
  3 radroaches
  2 two-headed ogres
  An alligator (Swamp:4)
  3 orc high priests
  Urug (Orc:2)
  A goliath frog (Swamp:1)
  3 orc knights
  A deep elf pyromancer (D:13)
  An orc sorcerer (Orc:2)
  A wolf spider (Spider:1)
  A manticore (D:15)
  2 ugly things (D:15)
  4 elephants (Lair:5)
  3 torpor snails
  8 cane toads
  3 komodo dragons
  An anaconda simulacrum (IceCv)
  3 trolls (Orc:2)
  4 bloated husks
  3 polar bears
  6 blink frogs
  2 tarantellas (Spider:4)
  2 tyrant leeches
  A hornet (Lair:5)
  2 dream sheep (Lair:4)
  2 jumping spiders
  An air elemental (Elf:1)
  26 yaks
  2 dire elephant simulacra (IceCv)
  3 redbacks
  A swamp worm (Swamp:4)
  2 wargs (Orc:2)
  2 harpy simulacra (IceCv)
  4 water moccasins
  A nameless horror (D:9)
  An alligator simulacrum (D:15)
  21 orc warriors
  10 wolves
  5 ogres (Orc:2)
  A bullfrog (Lair:4)
  3 killer bees (D:9)
  A lindwurm simulacrum (IceCv)
  3 orc priests
  3 orc wizards
  3 hell rats (Lair:4)
  15 orcs
  13 ballistomycete spores
  5 bushes (D:9)
  8 foxfires
  54 fungi
  153 plants
415 creatures vanquished.

Grand Total: 1244 creatures vanquished

Notes
Turn   | Place    | Note
-------+----------+-------------------------------------------
     0 | D:1      | Lutefisk the Spriggan Warper began the quest for the Orb.
     0 | D:1      | Reached XP level 1. HP: 10/10 MP: 5/5
   120 | D:1      | Reached skill level 1 in Stealth
   196 | D:1      | Reached XP level 2. HP: 7/15 MP: 6/6
   540 | D:2      | Noticed Jessica
  1046 | D:2      | Found Xeubliev's Magic Scroll Shop.
  1050 | D:2      | Found a shadowy altar of Dithmenos.
  1053 | D:2      | Bought a scroll of fear for 44 gold pieces
  1108 | D:3      | Noticed Sigmund
  1191 | D:3      | Reached XP level 3. HP: 18/18 MP: 8/8
  1607 | D:3      | Found a shimmering altar of Xom.
  2113 | D:4      | Found a staircase to the Ecumenical Temple.
  2138 | Temple   | Entered the Ecumenical Temple
  2173 | Temple   | Became a worshipper of Fedhas Madash
  2655 | D:2      | Reached XP level 4. HP: 10/23 MP: 9/9
  2968 | D:3      | Learned a level 2 spell: Blink
  3449 | D:3      | Reached XP level 5. HP: 14/28 MP: 10/10
  3820 | D:4      | Reached * piety under Fedhas
  3886 | D:4      | Noticed an ogre
  4108 | D:4      | Killed an ogre
  4109 | D:4      | Reached skill level 5 in Stealth
  4529 | D:4      | Noticed a black bear
  4557 | D:4      | Reached skill level 5 in Short Blades
  4557 | D:4      | Reached XP level 6. HP: 14/32 MP: 11/11
  5719 | D:5      | Entered Level 5 of the Dungeon
  6221 | D:5      | Reached skill level 1 in Invocations
  6237 | D:5      | Learned a level 1 spell: Magic Dart
  6537 | D:6      | Noticed an ice beast
  6706 | D:6      | Killed an ice beast
  6707 | D:6      | Reached skill level 1 in Conjurations
  6707 | D:6      | Reached skill level 5 in Translocations
  6707 | D:6      | Reached XP level 7. HP: 30/36 MP: 12/12
  6763 | D:6      | Found a hide-covered altar of Uskayaw.
  7002 | D:6      | Reached ** piety under Fedhas
  8431 | D:7      | Reached XP level 8. HP: 39/42 MP: 5/13
  8552 | D:7      | Reached skill level 5 in Dodging
  9099 | D:7      | Found a hazy altar of Hepliaklqana.
  9217 | D:8      | Learned a level 3 spell: Teleport Other
  9248 | D:8      | Reached skill level 1 in Armour
  9297 | D:8      | Reached skill level 1 in Evocations
  9647 | D:8      | Found a stormy altar of Qazlal.
  9679 | D:8      | Noticed Pikel
  9872 | D:9      | Found a staircase to the Lair.
  9931 | D:9      | Noticed a two-headed ogre
 10399 | D:8      | Found a runed translucent gate.
 10399 | D:8      | Found a runed translucent gate.
 10399 | D:8      | Found a runed translucent gate.
 10401 | D:8      | Noticed SirLogeyBear's ghost (novice HOBe)
 10401 | D:8      | Noticed a ten-headed hydra
 10401 | D:8      | Noticed an 11-headed hydra
 10469 | D:8      | Found a burning altar of Makhleb.
 11264 | D:9      | Reached skill level 10 in Stealth
 11264 | D:9      | Reached XP level 9. HP: 31/44 MP: 12/14
 11319 | D:9      | Reached *** piety under Fedhas
 11938 | D:9      | Learned a level 3 spell: Lesser Beckoning
 12639 | D:9      | Reached skill level 6 in Translocations
 13142 | D:7      | Found a shadowy altar of Dithmenos.
 13369 | D:8      | Reached skill level 10 in Dodging
 13484 | D:8      | Killed Pikel
 13485 | D:8      | Reached XP level 10. HP: 24/51 MP: 9/15
 13807 | D:9      | Found a sparkling altar of Nemelex Xobeh.
 13820 | D:9      | Found an iron altar of Okawaru.
 13857 | D:9      | Reached skill level 5 in Fighting
 14010 | Lair:1   | Entered Level 1 of the Lair of Beasts
 14027 | Lair:1   | Noticed a cane toad
 14033 | Lair:1   | Killed a cane toad
 14041 | Lair:1   | Noticed a cane toad
 14428 | Lair:1   | Reached **** piety under Fedhas
 14477 | Lair:1   | Noticed Joseph
 14500 | Lair:1   | Noticed a cane toad
 14501 | Lair:1   | Killed a cane toad
 14667 | Lair:1   | Killed Joseph
 14739 | Lair:2   | Noticed a cane toad
 14777 | Lair:1   | Noticed a cane toad
 15201 | Lair:1   | Found a runed translucent gate.
 15201 | Lair:1   | Found a runed translucent gate.
 15201 | Lair:1   | Found a runed translucent gate.
 15201 | Lair:1   | Noticed Kitec's ghost (journeyman MiFi)
 15266 | Lair:2   | Noticed a cane toad
 15502 | Lair:2   | Reached skill level 5 in Invocations
 15528 | Lair:2   | Learned a level 3 spell: Summon Guardian Golem
 15555 | Lair:2   | Identified the +7 giant club "Nupsesom" {flame, rF+ rC++
                  | Dex+4}
 15604 | Lair:2   | Killed a cane toad
 15605 | Lair:2   | Reached skill level 1 in Hexes
 15605 | Lair:2   | Reached XP level 11. HP: 56/56 MP: 9/16
 15690 | Lair:2   | Reached skill level 1 in Summonings
 16170 | Lair:3   | Noticed an oklob plant
 16172 | Lair:3   | Noticed an oklob plant
 16233 | Lair:3   | Reached skill level 10 in Short Blades
 16279 | Lair:3   | Noticed a bog body
 16331 | Lair:3   | Reached ***** piety under Fedhas
 16500 | Lair:3   | Noticed a catoblepas
 16921 | Lair:3   | Reached skill level 5 in Evocations
 16995 | Lair:3   | Found a hole to the Spider Nest.
 17146 | Lair:4   | Reached XP level 12. HP: 48/63 MP: 17/17
 17377 | Lair:4   | Found a staircase to the Slime Pits.
 18217 | Lair:5   | Entered Level 5 of the Lair of Beasts
 18655 | Lair:5   | Noticed a catoblepas
 18686 | Lair:5   | Killed a catoblepas
 18687 | Lair:5   | Reached skill level 15 in Stealth
 19240 | Lair:5   | Noticed a boulder beetle
 19446 | Lair:5   | Noticed a four-headed hydra
 19482 | Lair:5   | Killed a four-headed hydra
 20455 | Lair:5   | Found a runed translucent door.
 20471 | Lair:5   | Paralysed by a hornet for 1 turns
 20732 | Lair:5   | Noticed a fire dragon
 20752 | Lair:5   | Reached skill level 7 in Translocations
 20752 | Lair:5   | Reached XP level 13. HP: 68/68 MP: 17/20
 21504 | D:10     | Entered Level 10 of the Dungeon
 21580 | D:10     | Identified the ring of the Circus Animal {rPois rCorr
                  | Slay+3 Stlth-}
 21630 | D:10     | Reached skill level 8 in Translocations
 21673 | D:10     | Got the Handbook of the Snowy Wayfarer
 21711 | D:10     | Found a staircase to the Orcish Mines.
 21720 | Orc:1    | Entered Level 1 of the Orcish Mines
 21798 | Orc:1    | Noticed Erica
 21807 | Orc:1    | Killed Erica
 21861 | Orc:1    | Found Xesoatim's Magic Scroll Shop.
 21895 | Orc:1    | Noticed Snorg
 21954 | Orc:1    | Killed Snorg
 22193 | Orc:1    | Bought a scroll of teleportation for 51 gold pieces
 22193 | Orc:1    | Bought a scroll of teleportation for 51 gold pieces
 22193 | Orc:1    | Bought a scroll of teleportation for 51 gold pieces
 22222 | Orc:1    | Found a dark tunnel.
 22227 | Volcano  | Entered a volcano
 22871 | Orc:1    | Reached ****** piety under Fedhas
 22955 | Orc:1    | Found a shimmering blue altar of Sif Muna.
 23008 | Orc:2    | Entered Level 2 of the Orcish Mines
 23405 | Orc:2    | Found Wedi's Antique Armour Boutique.
 23471 | Orc:2    | Bought an ominously black robe for 159 gold pieces
 23471 | Orc:2    | Identified the +0 robe of Mier {Stlth+} (You bought it in a
                  | shop on level 2 of the Orcish Mines)
 23790 | Orc:2    | Found Veofemmu's Book Shop.
 24629 | Orc:2    | Noticed Urug
 24662 | Orc:2    | Killed Urug
 24785 | Orc:2    | Noticed an orc warlord
 24825 | Orc:2    | Noticed an ettin
 24920 | Orc:2    | Killed an ettin
 25071 | Orc:2    | Killed an orc warlord
 25080 | Orc:2    | Reached XP level 14. HP: 75/75 MP: 7/21
 25206 | Orc:2    | Found Miskiyso's Armour Emporium.
 25294 | Orc:2    | Found Xafrunokh's Jewellery Shop.
 25649 | Orc:2    | Found a staircase to the Elven Halls.
 26470 | D:11     | Reached skill level 9 in Translocations
 27299 | D:12     | Reached skill level 10 in Translocations
 27309 | D:12     | Learned a level 6 spell: Dispersal
 27466 | D:12     | Reached skill level 11 in Translocations
 27801 | D:13     | Reached skill level 12 in Translocations
 28240 | D:14     | Reached skill level 13 in Translocations
 28373 | D:14     | Found a gate to the Vaults.
 28391 | D:14     | Identified the +3 quarterstaff "Riaruis" {elec, rCorr
                  | Int+8}
 28496 | D:14     | Reached skill level 14 in Translocations
 28548 | D:14     | Noticed Louise
 28588 | D:15     | Entered Level 15 of the Dungeon
 28774 | D:15     | Reached skill level 5 in Spellcasting
 29291 | D:15     | Noticed Azrael
 29309 | D:15     | Killed Azrael
 29489 | D:15     | Found a frozen archway.
 29489 | D:15     | Noticed Kirke
 29514 | D:15     | Killed Kirke
 29625 | IceCv    | Entered an ice cave
 29625 | IceCv    | Noticed a white very ugly thing
 29660 | IceCv    | Killed a white very ugly thing
 29661 | IceCv    | Reached XP level 15. HP: 39/79 MP: 2/25
 29808 | IceCv    | Found a transporter.
 29827 | IceCv    | Found a transporter.
 30279 | Lair:3   | Found a staircase to the Swamp.
 30284 | Lair:3   | Reached skill level 1 in Shields
 30331 | Spider:1 | Entered Level 1 of the Spider Nest
 30397 | Spider:1 | Reached skill level 10 in Invocations
 30779 | Spider:1 | Identified 2 scrolls of acquirement
 30786 | Spider:1 | Acquired the +3 rapier "Xyxabbot" {distort, Will+ rCorr
                  | SInv}
 30788 | Spider:1 | Acquired a +6 quick blade
 31278 | Spider:2 | Reached skill level 5 in Shields
 31456 | Spider:2 | Identified the +1 hat of the Turtledove {rN+}
 31515 | Spider:2 | Noticed Nikola
 31675 | Spider:2 | Noticed Arachne
 32131 | Spider:4 | Entered Level 4 of the Spider Nest
 32969 | Spider:4 | Reached skill level 10 in Evocations
 33534 | Spider:3 | Reached skill level 10 in Fighting
 33688 | Spider:4 | Reached XP level 16. HP: 52/85 MP: 8/26
 33764 | Spider:4 | HP: 3/85 [themself (18)]
 34198 | Spider:4 | Reached skill level 15 in Dodging
 34348 | Spider:4 | Got a gossamer rune of Zot
 34627 | Swamp:1  | Entered Level 1 of the Swamp
 35894 | Swamp:2  | Learned a level 8 spell: Disjunction
 36204 | Swamp:4  | Entered Level 4 of the Swamp
 36313 | Swamp:4  | Reached skill level 15 in Translocations
 36815 | Swamp:4  | Reached skill level 16 in Translocations
 36912 | Swamp:4  | Noticed the 27-headed Lernaean hydra
 36926 | Swamp:4  | Killed the 27-headed Lernaean hydra
 37084 | Swamp:4  | Got a decaying rune of Zot
 37458 | Elf:1    | Entered Level 1 of the Elven Halls
 37499 | Elf:1    | Found a radiant altar of Vehumet.
 37547 | Elf:1    | Reached XP level 17. HP: 89/89 MP: 16/30
 37602 | Elf:1    | Paralysed by an air elemental for 1 turns
 37743 | Elf:2    | Noticed Jorgrun
 37743 | Elf:2    | Found a radiant altar of Vehumet.
 37746 | Elf:2    | Killed Jorgrun
 37747 | Elf:2    | Reached skill level 17 in Translocations
 37765 | Elf:2    | Found a runed translucent gate.
 37984 | Elf:3    | Entered Level 3 of the Elven Halls
 38101 | Elf:3    | Found Tommudoakick's General Store.
 38107 | Elf:3    | Reached skill level 18 in Translocations
 38116 | Elf:3    | Bought a wand of light (3) for 189 gold pieces
 38258 | Elf:3    | Noticed Mara
 38526 | Elf:3    | Noticed Lutefisk's illusion
 38940 | Elf:3    | Noticed Lutefisk's illusion
 39094 | Elf:3    | Killed from afar by a deep elf sorcerer

Illustrated notes

Levels and vault maps discovered:
D:1:      ebering_trefoil_twist, layout_basic, basic_ecumenical_altar
D:2:      layout_basic, basic_altar, serial_shops, nicolae_shop_hallway_stairs,
          uniq_jessica
D:3:      layout_loops_ring, xom_teletrap_fun, minmay_strange_pillars,
          uniq_sigmund
D:4:      layout_loops_ring, minmay_temple_entry_hall
D:5:      layout_cave_pools
D:6:      layout_basic, kennysheep_little_box
D:7:      layout_basic, grunt_dithmenos_smoke, nzn_hepliaklqana_mist_gate
D:8:      layout_loops_ring, mainiacjoe_overflow_brackets, grunt_qazlal_clouds,
          gammafunk_ghost_hydra_chop, grunt_decor_clamped, uniq_pikel
D:9:      layout_loops_ring, mainiacjoe_overflow_large_starburst,
          minmay_lair_entry_grove, st_stairs_14
D:10:     layout_basic, orc_0_dummy
D:11:     layout_basic
D:12:     layout_loops_ring
D:13:     layout_loops_corners
D:14:     layout_cave_pods, erik_vaults_2, chequers_avenue, sword_in_stone
D:15:     gammafunk_enter_depths_forms, layout_basic,
          portal_ice_cave_entry_ice_simulacra, nrook_mini_backslash,
          uniq_azrael, uniq_kirke
Temple:   compressed_dpeg_circular_temple
Lair:1:   layout_concentric_octagons, ebering_ghost_rock_garden,
          lemuel_old_faithful, serial_bayou_shore_a, uniq_joseph
Lair:2:   layout_chaotic_city, serial_bayou, serial_bayou_lake_a,
          serial_bayou_shore_b, serial_bayou_pond_d, serial_bayou_pond_e,
          chequers_serial_rivers_small_3, st_stairs_11,
          nicolae_quartered_pool_impasse
Lair:3:   layout_regular_city, skrybe_swamp_entry_bodies,
          spider_nest_entry_rubble, minmay_holes, bh_autumn_forest_stairs,
          disabler_island, grunt_megastairs_3
Lair:4:   layout_cave_pods, dpeg_slime_entry_enclosed, beast_lair_carwin_9,
          grunt_megastairs_4
Lair:5:   wormcave, layout_cave_pods, chequers_serial_rivers_small_3,
          lemuel_fruit_tree
Swamp:1:  layout_basic_swamp, nicolae_swamp_little_tower
Swamp:2:  layout_basic_swamp, hangedman_swamp_ruin_wall
Swamp:3:  layout_falls_marsh, evilmike_swamp_ruin_house_6,
          nicolae_swamp_necromancy_gone_wrong
Swamp:4:  swamp_old_school, layout_basic_swamp
Spider:1: layout_spider_delve, hangedman_spider_tarantella_strand
Spider:2: layout_spider_delve, nicolae_spider_checkerboard, uniq_nikola,
          uniq_arachne
Spider:3: layout_spider_delve
Spider:4: grunt_spider_rune_parallel
Orc:1:    layout_caves, serial_shops, shop, enter_volcano_4, basic_altar,
          led_sif_book, uniq_snorg, uniq_erica
Orc:2:    pubby_orc_utopia, uniq_urug
Elf:1:    eino_elf_arrival_altar, layout_rooms, minmay_elf_sorcery,
          uniq_asterion
Elf:2:    elven_hall_of_blades_hangedman_original [mumra_blade_entry_bloodbath],
          layout_loops_cross, serial_sigils, serial_sigils_hangedman_scratch,
          serial_sigils_hangedman_gnaw, serial_sigils_hangedman_writhe,
          basic_altar, ebering_ghost_inner_flame, hex_tiny, uniq_jorgrun
Elf:3:    minmay_elf_hall_quartered_circle, layout_gridlike, serial_shops,
          shop_fountains, amcnicky_mini_corridor_feature, uniq_mara

Skill      XL: |  1  2  3  4  5  6  7  8  9 10 11 12 13 14 15 16 17 |
---------------+----------------------------------------------------+-----
Stealth        | 1 2 3 4 5 6 10 13 15 | 15.0
Fighting       | 2 3 4 6 7 8 9 10 | 10.0
Short Blades   | 3 5 6 8 10 12 14 | 14.0
Dodging        | 4 6 10 11 12 13 14 16 | 16.2
Invocations    | 1 2 3 5 6 7 9 10 | 10.0
Spellcasting   | 3 4 6 8 |  8.0
Conjurations   | 1 |  1.0
Translocations | 5 6 7 8 14 16 18 | 18.7
Throwing       | 2 3 |  3.0
Armour         | 1 2 3 4 |  4.0
Evocations     | 3 4 6 7 8 10 | 10.0
Hexes          | 1 3 4 |  4.0
Summonings     | 1 2 |  2.0
Shields        | 6 8 |  8.0

Action                   |  1- 3 |  4- 6 |  7- 9 | 10-12 | 13-15 | 16-18 || total
-------------------------+-------+-------+-------+-------+-------+-------++-------
Melee: Short sword       |   183 |   150 |       |       |  1022 |    98 ||  1453
       Punch             |     1 |     3 |     2 |    10 |    24 |       ||    40
       Spear             |       |   197 |   183 |    27 |       |       ||   407
       Falchion          |       |    10 |       |       |       |       ||    10
       Dagger            |       |    45 |   116 |       |       |       ||   161
       Lajatang          |       |     4 |       |       |       |       ||     4
       Rapier            |       |       |   326 |   399 |   522 |   538 ||  1785
       Quick blade       |       |       |       |       |   115 |       ||   115
 Fire: Arbalest          |       |       |       |     1 |       |       ||     1
Throw: Boomerang         |     7 |       |       |       |       |       ||     7
       Dart              |       |    10 |    73 |    42 |    91 |    11 ||   227
       Throwing net      |       |       |     3 |     1 |     3 |       ||     7
 Cast: Magic Dart        |       |    17 |    77 |       |       |     5 ||    99
       Teleport Other    |       |       |    11 |     2 |     7 |     7 ||    27
       Lesser Beckoning  |       |       |     1 |       |     1 |    37 ||    39
       Summon Guardian G |       |       |       |    73 |   128 |    31 ||   232
       Blink             |       |       |       |       |       |     2 ||     2
       Dispersal         |       |       |       |       |       |     1 ||     1
Invok: Wall of Briars    |       |       |       |     1 |     3 |     2 ||     6
       Grow Ballistomyce |       |       |       |       |    14 |    13 ||    27
       Grow Oklob        |       |       |       |       |     2 |     1 ||     3
       Overgrow          |       |       |       |       |     1 |       ||     1
Evoke: Wand              |       |       |     1 |     4 |    21 |     6 ||    32
  Use: Scroll            |     3 |       |     2 |     9 |    19 |     3 ||    36
       Potion            |     6 |       |     1 |     3 |     3 |     3 ||    16
 Stab: Sleeping          |     5 |     6 |     5 |    14 |    37 |     9 ||    76
       Held in net/web   |       |       |     1 |     1 |     1 |       ||     3
       Invisible         |       |       |     6 |     8 |     9 |     5 ||    28
       Distracted        |       |       |       |     3 |     8 |     4 ||    15
       Petrifying        |       |       |       |     1 |       |       ||     1
       Confused          |       |       |       |       |    11 |    20 ||    31
Armor: Robe              |    24 |    18 |    26 |    17 |     6 |       ||    91
       Skin              |    42 |       |    10 |       |       |       ||    52
       Troll leather arm |       |       |       |       |    84 |    29 ||   113
Dodge: Dodged            |   151 |   150 |   321 |   311 |  1125 |   420 ||  2478
       Repelled          |       |       |       |       |       |     2 ||     2
Block: Buckler           |       |       |       |       |   168 |   208 ||   376
